 Dungeon Crawl Stone Soup version 0.31-a0-117-g42d8f58691 (webtiles) character file.

Game seed: 5084017933439509248

734 Dittersdorf the Trooper (level 7, -11/44 HPs)
             Began as a Gargoyle Fighter on May 30, 2023.
             Killed from afar by a steam dragon (27 damage)
             ... with a ball of steam
             ... on level 5 of the Dungeon.
             The game lasted 00:06:31 (3698 turns).

Dittersdorf the Trooper (Gargoyle Fighter)          Turns: 3698, Time: 00:06:32

Health: -11/44     AC: 26    Str: 25    XL:     7   Next: 74%
Magic:  7/7        EV:  6    Int:  9    God:
Gold:   218        SH:  5    Dex:  9    Spells: 6/6 levels left

rFire   x . .        a - +0 flail
rCold   . . .        c - +0 buckler
rNeg    + . .        v - +0 plate armour
rPois   ∞            b - +3 helmet of the Lion {rF- Will+ Str+4}
rElec   +            (no cloak)
rCorr   +            r - +0 pair of gloves
SInv    .            (no boots)
Will    +....        (no amulet) Stlth
                     e - ring of resist corrosion
HPRegen 0.27/turn    x - +4 ring of protection
MPRegen 0.10/turn

%: no passive effects
@: no status effects
A: sickness immunity, AC +4, negative energy resistance 1, electricity
resistance, torment resistance 1, petrification resistance
a: no special abilities


You were on level 5 of the Dungeon.
You visited 1 branch of the dungeon, and saw 5 of its levels.

You collected 218 gold pieces.

Inventory:

Hand Weapons
 a - a +0 flail (weapon)
Missiles
 n - 3 throwing nets (quivered)
 u - a curare-tipped dart
Armour
 b - the +3 helmet of the Lion (worn) {rF- Will+ Str+4}
   (You took it off Robin on level 3 of the Dungeon)

   Str:       It affects your strength (+4).
   rF:        It makes you vulnerable to fire.
   Will:      It increases your willpower.
 c - a +0 buckler (worn)
 r - a +0 pair of gloves (worn)
 v - a +0 plate armour (worn)
Jewellery
 e - a ring of resist corrosion (left hand)
 h - a ring of positive energy
 x - a +4 ring of protection (right hand)
Scrolls
 i - a scroll of vulnerability {unknown}
 k - 2 scrolls of enchant weapon {unknown}
 l - a scroll of acquirement {unknown}
 m - a scroll of noise {unknown}
 o - 2 scrolls of magic mapping
 w - 2 scrolls of silence
Potions
 d - 2 potions of might
 f - a potion of berserk rage
 j - 4 potions of curing
 p - a potion of ambrosia
 q - a potion of heal wounds
 t - a potion of invisibility


   Skills:
 + Level 5.5 Fighting
 + Level 4.5 Maces & Flails
 + Level 5.5 Armour
 + Level 5.5 Shields


You had 6 spell levels left.
You didn't know any spells.
Your spell library contained the following spells:

 Spells                   Type           Power      Damage    Failure   Level
 Magic Dart               Conj           0%         1d3       100%        1
 Scorch                   Fire           0%         2d5       100%        2
 Searing Ray              Conj           0%         2d4       100%        2
 Tukima's Dance           Hex            0%         N/A       100%        3
 Flame Wave               Conj/Fire      0%         2d4       100%        4
 Fulminant Prism          Conj/Hex       0%         3d5       100%        4
 Passage of Golubria      Tloc           0%         N/A       100%        4
 Yara's Violent Unravell  Hex/Tmut       0%         3d3       100%        5
 Summon Cactus Giant      Summ           0%         N/A       100%        6


Dungeon Overview and Level Annotations

Branches:
Dungeon (5/15)
 Temple: D:4-7

Altars:
Dithmenos

Shops:
D:4 ?(


Innate Abilities, Weirdness & Mutations

You are immune to sickness and miasma.
Your stone body is resilient. (AC +4)
You are immune to poison.
You resist negative energy. (rN+)
You are resistant to electric shocks. (rElec)
You are resistant to unholy torment.
You are immune to petrification.


Message History

You are too injured to fight recklessly!
You are too injured to fight recklessly!
You are too injured to fight recklessly!
You are too injured to fight recklessly!
You are too injured to fight recklessly!
You are too injured to fight recklessly!
You are too injured to fight recklessly!
You are too injured to fight recklessly!
You are too injured to fight recklessly!
You are too injured to fight recklessly!
You are too injured to fight recklessly!
You are too injured to fight recklessly!
You are too injured to fight recklessly!
You are too injured to fight recklessly!
You are too injured to fight recklessly!
You are too injured to fight recklessly!
You are too injured to fight recklessly!
You barely miss the steam dragon.
The steam dragon is lightly wounded.
The steam dragon bites you but does no damage.
The steam dragon claws you.
You closely miss the steam dragon.
The steam dragon is lightly wounded.
The steam dragon breathes steam at you. The ball of steam hits you.
The steam scalds you terribly!
You barely miss the steam dragon.
The steam dragon is lightly wounded.
You are engulfed in a cloud of scalding steam.
The steam dragon barely misses you. You block the steam dragon's attack.
You thump the steam dragon!
The steam dragon is heavily wounded.
You are engulfed in a cloud of scalding steam.
The steam dragon bites you but does no damage.
The steam dragon claws you but does no damage.
You barely miss the steam dragon.
The steam dragon is heavily wounded.
The steam dragon breathes steam at you. The ball of steam hits you!!
The steam scalds you terribly!
Ouch! That really hurt!
You die...

*#..................
##.#...#####.#..###
###..#...............
***####........^...########
*,,...?...#...######
*,,...$.......####
*,,.......#......#
*,,........§####.#
****#####§@## *,# #§D# *,*
* #..# *,* * **#..# *,** *
*,..## *,,* * *...* **,* *
*..#* *,* * #..* *,* **
*,,* *,* *,


You could see a steam dragon (catching breath).

Vanquished Creatures
  A black bear (D:4)
  A phantom (D:4)
  A kobold brigand (D:4)
  A scorpion (D:4)
  2 jellies
  A sleepcap (D:4)
  3 iguanas (D:4)
  2 orc wizards (D:4)
  Robin (D:3)
  7 gnolls
  5 adders
  A dart slug (D:4)
  13 orcs
  5 ball pythons
  2 bats (D:2)
  9 endoplasms
  5 giant cockroaches
  20 goblins
  7 hobgoblins
  2 jackals (D:5)
  2 quokkas
  5 frilled lizards
  8 kobolds
  4 rats
108 creatures vanquished.

Notes
Turn   | Place    | Note
-------+----------+-------------------------------------------
     0 | D:1      | Dittersdorf the Gargoyle Fighter began the quest for the
                  | Orb.
     0 | D:1      | Reached XP level 1. HP: 14/14 MP: 1/1
   111 | D:1      | Reached XP level 2. HP: 19/19 MP: 2/2
   781 | D:2      | Reached XP level 3. HP: 22/23 MP: 3/3
  1062 | D:1      | Reached XP level 4. HP: 13/29 MP: 4/4
  1420 | D:2      | Found a shadowy altar of Dithmenos.
  1483 | D:2      | You fall into a shaft and drop 2 floors!
  1547 | D:4      | Reached XP level 5. HP: 29/33 MP: 5/5
  1858 | D:3      | Identified the +3 helmet of the Lion {rF- Will+ Str+4}
  1858 | D:3      | Noticed Robin
  2004 | D:3      | Killed Robin
  2474 | D:4      | Noticed a kobold brigand
  2500 | D:4      | Killed a kobold brigand
  2501 | D:4      | Reached XP level 6. HP: 17/39 MP: 6/6
  2771 | D:4      | Reached skill level 5 in Fighting
  2771 | D:4      | Reached skill level 5 in Armour
  2771 | D:4      | Reached skill level 5 in Shields
  2771 | D:4      | Reached XP level 7. HP: 26/44 MP: 7/7
  2892 | D:4      | Found Moefav's Magic Scroll Shoppe.
  2893 | D:4      | Found Qodadd's Weapon Shoppe.
  3536 | D:5      | Entered Level 5 of the Dungeon
  3686 | D:5      | Noticed a steam dragon
  3698 | D:5      | Killed from afar by a steam dragon

Illustrated notes

Levels and vault maps discovered:
D:1:      dpeg_arrival_connections, layout_loops_ring
D:2:      layout_basic, basic_altar
D:3:      layout_basic, grunt_decor_junction, kennysheep_generic_room_4,
          uniq_robin
D:4:      minmay_chambers_of_threes, layout_basic, nicolae_wooded_promenade
D:5:      layout_rooms, grunt_tough_drop

Skill      XL: |  1  2  3  4  5  6 |
---------------+-------------------+-----
Armour         | 4 5 |  5.5
Shields        | 4 5 |  5.5
Fighting       | 4 5 |  5.5
Maces & Flails | 3 4 |  4.5

Action                     |  1- 3 |  4- 6 |  7- 9 || total
---------------------------+-------+-------+-------++-------
  Melee: Flail             |    80 |   205 |   100 ||   385
    Use: Scroll            |       |       |     8 ||     8
 Armour: Scale mail        |    38 |    20 |       ||    58
         Chain mail        |       |    95 |    61 ||   156
         Plate armour      |       |       |    10 ||    10
  Dodge: Dodged            |    49 |    78 |    37 ||   164
  Block: Buckler           |    14 |    39 |    24 ||    77

Table legend: (Time is in decaauts)
 A = Elapsed time spent in this place.
 B = Non-inter-level travel time spent in this place.
 C = Inter-level travel time spent in this place.
 D = Time resting spent in this place.
 E = Time spent auto-exploring this place.
 F = Levels seen in this place.
 G = Mean time per level.
                   A        B        C        D        E       F      G
               +--------+--------+--------+--------+--------+-----+--------+
         Total |   3804 |   3690 |    114 |    363 |   2286 |   5 |  760.8 |
       Dungeon |   3804 |   3690 |    114 |    363 |   2286 |   5 |  760.8 |
               +--------+--------+--------+--------+--------+-----+--------+

Top non-repeatable levels by time:
     D:4: 1236 daAuts
     D:1: 894 daAuts
     D:3: 804 daAuts
     D:2: 705 daAuts
     D:5: 164 daAuts
